 Dungeon Crawl Stone Soup version 0.30.1-11-g7821555f0a (webtiles) character file.

Game seed: 5859975167090687947

56 safid the Conjurer (level 3, -4/11 (22) HPs)
             Began as a Gargoyle Reaver on Dec 4, 2023.
             Slain by a worm (8 damage)
             ... on level 2 of the Dungeon.
             The game lasted 00:03:07 (1757 turns).

safid the Conjurer (Gargoyle Reaver)                Turns: 1757, Time: 00:03:08

HP:   -4/11 (22)    AC:  8    Str: 17    XL:     3   Next: 95%
MP:   2/6           EV: 11    Int: 13    God:
Gold: 69            SH:  0    Dex:  8    Spells: 3/6 levels left

rFire   . . .        a - +0 mace
rCold   . . .        (no shield)
rNeg    + + .        b - +0 leather armour
rPois   ∞            f - +0 helmet
rElec   +            (no cloak)
rCorr   .            (no gloves)
SInv    .            n - +0 pair of boots
Will    .....        (no amulet)
Stlth   +            m - ring of positive energy
HPRegen 0.21/turn    (no ring)
MPRegen 0.10/turn

%: no passive effects
@: immotile, extremely drained
A: sickness immunity, AC +3, negative energy resistance 1, electricity
resistance, torment resistance 1, petrification resistance
a: no special abilities


You were on level 2 of the Dungeon.
You visited 1 branch of the dungeon, and saw 2 of its levels.

You collected 69 gold pieces.

Inventory:

Hand Weapons
 a - a +0 mace (weapon)
Armour
 b - a +0 leather armour (worn)
 f - a +0 helmet (worn)
 n - a +0 pair of boots (worn)
Jewellery
 m - a ring of positive energy (left hand)
Wands
 j - a wand of digging (4)
Scrolls
 c - 4 scrolls of immolation {unknown}
 e - a scroll of fog {unknown}
 h - a scroll of brand weapon {unknown}
 i - 2 scrolls of identify {unknown}
 k - a scroll of teleportation {unknown}
 p - a scroll of magic mapping {unknown}
Potions
 d - 2 potions of heal wounds {unknown}
 g - a potion of attraction {unknown}
 l - a potion of curing {unknown}
 o - 2 potions of cancellation {unknown}


   Skills:
 + Level 2.8 Fighting
 + Level 3.4 Maces & Flails
 - Level 2.0 Dodging
 + Level 2.4 Spellcasting
 + Level 3.7 Conjurations


You had 3 spell levels left.
You knew the following spells:

 Your Spells              Type           Power      Damage    Failure   Level
a - Kiss of Death         Conj/Necr      24%        2d7       14%         1
b - Momentum Strike       Conj/Tloc      12%        3d8       21%         2

Your spell library contained the following spells:

 Spells                   Type           Power      Damage    Failure   Level
 Hailstorm                Conj/Ice       6%         3d4       38%         3


Dungeon Overview and Level Annotations

Branches:
Dungeon (2/15)

Altars:
Xom

Shops:
D:2 *


Innate Abilities, Weirdness & Mutations

You are immune to sickness and miasma.
Your stone body is resilient. (AC +3)
You are immune to poison.
You resist negative energy. (rN+)
You are resistant to electric shocks. (rElec)
You are resistant to unholy torment.
You are immune to petrification.


Message History

You see here a bat corpse.
Found a robe.
No target in view!
No target in view!
You see here a +0 robe.
Found 6 stones.
You see here 6 stones.
You open the door.
A kobold comes into view. It is wielding a +0 whip.
The kobold shouts!
Found a scroll labelled BABUKE PANILISS.
There is an open door here.
Found 4 stones.
The kobold hits you with a +0 whip.
You completely miss the kobold. The kobold closely misses you.
You sock the kobold!
You kill the kobold!
No target in view!
No target in view!
p - a scroll labelled BABUKE PANILISS You open the door.
There is an open door here.
A worm comes into view.
The worm bites you!
Ouch! That really hurt!
Casting: Kiss of Death (safe; 14% risk of failure)
Confirm with . or Enter, or press ? or * to list all spells.
Aiming: Momentum Strike (safe; 21% risk of failure)
Press: ? - help, Dir - move target, f - worm
Aim: a worm (89% to hit)
The concentrated momentum misses the worm.
Casting: Momentum Strike (safe; 21% risk of failure)
Confirm with . or Enter, or press ? or * to list all spells.
Aiming: Momentum Strike (safe; 21% risk of failure)
Press: ? - help, Dir - move target, f/p - worm
Aim: a worm (89% to hit)
The concentrated momentum hits the worm!
The worm is almost dead.
You are unable to move.
The worm bites you!
Ouch! That really hurt!
You die...

### #.###.#.......# ...
########.#.#.#.##....#
#
#......#.#...#.##....#
#
#..)...#.#.###.###'#.#
#......#.........#.#.#
##......###.##.##.#.#.#
#...........##.# #.#.#
#.......######.# #.#.#
#.......# #@#
#.#.#########
###.####### #w#
#.#......>... #......#
#.# #.###########
#......# ...
#......################
###.##.......#........#
#.##.#####.#.########
##.##.........#
##.<...........#
#######


You could see a worm.

Vanquished Creatures
  A gnoll (D:1)
  An adder (D:2)
  2 ball pythons
  3 endoplasms (D:1)
  7 hobgoblins
  4 jackals (D:1)
  2 kobolds
  4 quokkas
  5 bats
  A frilled lizard (D:1)
  A goblin (D:2)
  3 rats
34 creatures vanquished.

Notes
Turn   | Place    | Note
-------+----------+-------------------------------------------
     0 | D:1      | safid the Gargoyle Reaver began the quest for the Orb.
     0 | D:1      | Reached XP level 1. HP: 12/12 MP: 3/3
   175 | D:1      | Reached XP level 2. HP: 5/16 MP: 1/5
   336 | D:1      | Reached XP level 3. HP: 18/22 MP: 6/6
  1105 | D:2      | Found a shimmering altar of Xom.
  1271 | D:2      | Learned a level 2 spell: Momentum Strike
  1411 | D:2      | Found Rosiamet's Assorted Antiques.
  1757 | D:2      | Slain by a worm

Illustrated notes

Levels and vault maps discovered:
D:1:      amcnicky_arrival_double_pillar, layout_basic,
          chequers_serial_rivers_marsh
D:2:      layout_basic, basic_altar, serial_shops, nicolae_shop_waterfront,
          small_statue_intersection

Skill      XL: |  1  2  3 |
---------------+----------+-----
Dodging        | 2 |  2.0
Fighting       | |  2.8
Maces & Flails | |  3.4
Spellcasting   | |  2.4
Conjurations   | |  3.7

Action                     || total
---------------------------++-------
  Melee: Mace              ||    93
         Punch             ||     2
   Cast: Kiss of Death     ||     7
         Momentum Strike   ||     2
 Armour: Leather armour    ||    41
  Dodge: Dodged            ||    57
